 Dungeon Crawl Stone Soup version 0.28-a0-1227-ga9037bb4c8 (webtiles) character file.

Game seed: 5005284477011456481

712 flotson the Ducker (level 7, 0/55 HPs)
             Began as a Demonspawn Gladiator on Dec 23, 2021.
             Killed by nerve-wracking pain
             ... invoked by Menkaure
              (5 damage)
             ... on level 4 of the Dungeon.
             The game lasted 00:07:40 (6055 turns).

flotson the Ducker (Demonspawn Gladiator)           Turns: 6055, Time: 00:07:41

Health: 0/55       AC: 11    Str: 17    XL:     7   Next: 41%
Magic:  7/7        EV: 10    Int:  9    God:
Gold:   126        SH:  7    Dex: 14    Spells: 6/6 levels left

rFire   . . .      SeeInvis .   p - +0 dagger (venom)
rCold   . . .      Faith    .   s - +0 kite shield
rNeg    . . .      Spirit   .   i - +1 leather armour {rPois}
rPois   +          Reflect  .   c - +0 helmet
rElec   .          Harm     .   (no cloak)
rCorr   .          Rampage  .   (no gloves)
Will    .....                   (no boots)
Stlth   +.........              (no amulet)
HPRegen 0.18/turn               (no ring)
MPRegen 0.10/turn               (no ring)

@: sanguine armoured, hasted, very quick
A: ignite blood 1, sanguine armour 1
a: no special abilities


You were on level 4 of the Dungeon.
You visited 1 branch of the dungeon, and saw 4 of its levels.

You collected 126 gold pieces.

Inventory:

Hand Weapons
 a - a +0 war axe
 e - a +0 short sword of draining
 p - a +0 dagger of venom (weapon)
Missiles
 d - 2 throwing nets
 j - 6 poisoned darts (quivered)
Armour
 c - a +0 helmet (worn)
 i - a +1 leather armour of poison resistance (worn)
 s - a +0 kite shield (worn)
Jewellery
 r - an amulet of reflection
Scrolls
 b - 2 scrolls of teleportation {unknown}
 g - 2 scrolls of vulnerability {unknown}
 h - a scroll of identify {unknown}
 k - 2 scrolls of fear {unknown}
 l - a scroll of enchant armour {unknown}
 n - a scroll of holy word {unknown}
Potions
 f - a potion of haste
 m - a potion of degeneration {unknown}
 o - a potion of cancellation {unknown}
 q - 2 potions of curing


   Skills:
 + Level 4.4 Fighting
 - Level 2.6 Axes
 + Level 4.1 Throwing
 + Level 3.4 Armour
 + Level 4.5 Dodging
 + Level 0.2 Shields


You had 6 spell levels left.
You didn't know any spells.
Your spell library contained the following spells:

 Spells                   Type           Power      Damage    Failure   Level
 Blink                    Tloc           0%         N/A       99%         2
 Corpse Rot               Necr/Air       0%         N/A       99%         2
 Lesser Beckoning         Tloc           0%         N/A       100%        3
 Animate Armour           Summ/Erth      0%         N/A       100%        4
 Dispel Undead            Necr           0%         3d6       100%        4
 Blade Hands              Tmut           0%         N/A       100%        5
 Manifold Assault         Tloc           0%         N/A       100%        5
 Death Channel            Necr           0%         N/A       100%        6
 Iron Shot                Conj/Erth      0%         9d1       100%        6


Dungeon Overview and Level Annotations

Branches:
Dungeon (4/15)
 Temple: D:4-7

Altars:
Cheibriados
Fedhas
Trog

Shops:
D:3 =

Annotations:
D:4 Menkaure


Innate Abilities, Weirdness & Mutations

Your demonic aura sometimes causes spilled blood to erupt in flames.
When seriously injured, your blood forms armour. (AC +6)


Message History

The adder skeleton bites you.
You hit the adder skeleton.
The adder skeleton is severely damaged.
The adder skeleton bites you but does no damage. x2
You hit the adder skeleton.
The adder skeleton is almost destroyed.
The adder skeleton closely misses you.
You hit the adder skeleton.
You destroy the adder skeleton!
No target in view!
No target in view!
No target in view!
No target in view!
No target in view!
No target in view!
HP restored.
Menkaure shouts!
Menkaure casts a spell.
Menkaure seems to speed up.
Menkaure calls on the powers of darkness!
Your body is wracked with pain!
Your blood congeals into armour.
Menkaure rustles in an indecipherable tongue.
Menkaure calls on the powers of darkness!
Your body is wracked with pain!
Menkaure forgets how to speak, silenced by the ages.
Menkaure breathes soot at you. Menkaure hits you!
* * * LOW HITPOINT WARNING * * *
You feel better.
Menkaure calls on the powers of darkness!
Your body is wracked with pain!
* * * LOW HITPOINT WARNING * * *
It was a potion of haste.
You feel yourself speed up. Menkaure hits you but does no damage.
Menkaure calls on the powers of darkness!
Your body is wracked with pain!
* * * LOW HITPOINT WARNING * * *
Menkaure gestures at you while chanting.
Pain shoots through your body!
You die...

.......##...##..####......#..#...
.##....###.....# ##........#...
###.....#####..######......###...
##......## #...#..........##....
.........# #...............#....
..#..^...# ##...####...<.........
#.##.....###....####...#.#.##....
#####................#########...
# ###..#....###.@..M...###.###.<[
##....##..............#.........
............<.....###......#..##
.......(......#.....#...#.##...#
.........#...###........###...##
.........#...###........#.#.###
......#......#..........#....###
..###.##.#...#.......[...))....#
# ## ####..............)......


You could see Menkaure (fast).

Vanquished Creatures
  A necrophage (D:4)
  2 ogres (D:3)
  A centaur (D:4)
  A scorpion (D:3)
  A water moccasin skeleton (D:2)
  2 orc priests (D:3)
  A hound (D:4)
  An iguana (D:3)
  An orc wizard (D:2)
  3 gnolls
  4 adders
  2 adder skeletons (D:4)
  A worm (D:2)
  A dart slug (D:2)
  8 orcs
  10 ball pythons
  8 endoplasms
  4 giant cockroaches
  4 goblins (D:2)
  4 hobgoblins
  2 quokkas (D:2)
  5 bats
  6 frilled lizards
  4 kobolds
  A rat (D:1)
78 creatures vanquished.

Vanquished Creatures (others)
  19 plants (D:3)
19 creatures vanquished.

Grand Total: 97 creatures vanquished

Notes
Turn   | Place    | Note
-------+----------+-------------------------------------------
     0 | D:1      | flotson the Demonspawn Gladiator began the quest for the
                  | Orb.
     0 | D:1      | Reached XP level 1. HP: 16/16 MP: 1/1
   214 | D:1      | Gained mutation: Your demonic aura sometimes causes spilled
                  | blood to erupt in flames. [demonic ancestry]
   214 | D:1      | Reached XP level 2. HP: 16/22 MP: 2/2
   593 | D:2      | Found a faded altar of an unknown god.
   835 | D:2      | Reached skill level 1 in Armour
   835 | D:2      | Reached XP level 3. HP: 18/28 MP: 3/3
  1406 | D:2      | Reached XP level 4. HP: 6/34 MP: 4/4
  1772 | D:2      | Found a snail-covered altar of Cheibriados.
  2224 | D:3      | Found a blossoming altar of Fedhas.
  2355 | D:3      | Found Hafrots's Jewellery Emporium.
  2389 | D:3      | Reached XP level 5. HP: 11/41 MP: 5/5
  2409 | D:3      | HP: 1/41 [something/puff of flame (7)]
  2896 | D:3      | Noticed an ogre
  2930 | D:3      | Killed an ogre
  2931 | D:3      | Gained mutation: When seriously injured, your blood forms
                  | armour. (AC +6) [demonic ancestry]
  2931 | D:3      | Reached XP level 6. HP: 47/47 MP: 6/6
  3364 | D:3      | Found a bloodstained altar of Trog.
  3641 | D:3      | Found a blossoming altar of Fedhas.
  3967 | D:3      | Found Hafrots's Jewellery Emporium.
  4736 | D:4      | Reached XP level 7. HP: 24/54 MP: 7/7
  5236 | D:4      | Noticed Menkaure
  6055 | D:4      | Killed from afar by Menkaure

Illustrated notes

Levels and vault maps discovered:
D:1:      mrwooster_arrival_statue_2, layout_rooms
D:2:      layout_loops_ring, hellmonk_ecumenical_altar_leap_of_faith,
          chequers_avenue, kennysheep_flooded_box, skrybe_limestone_x,
          grunt_ministairs_11
D:3:      layout_loops_ring, mainiacjoe_overflow_catwalk_spiral, serial_shops,
          shop, nicolae_grassy_gnolls
D:4:      black_bear_nest_1, layout_cave_pools, minmay_diced_spiral,
          uniq_menkaure

Skill      XL: |  1  2  3  4  5  6  7 |
---------------+----------------------+-----
Throwing       | 2 3 4 |  4.1
Armour         | 1 2 3 |  3.4
Dodging        | 3 4 |  4.5
Fighting       | 3 4 |  4.4
Axes           | |  2.6
Shields        | |  0.2

Action                   |  1- 3 |  4- 6 |  7- 9 || total
-------------------------+-------+-------+-------++-------
Melee: War axe           |    14 |       |       ||    14
       Short sword       |    86 |    36 |    11 ||   133
       Dagger            |       |   160 |    58 ||   218
Throw: Dart              |       |     1 |     3 ||     4
       Throwing net      |       |     1 |       ||     1
  Use: Potion            |       |     2 |     2 ||     4
 Stab: Sleeping          |     1 |     1 |       ||     2
       Held in net/web   |       |     1 |       ||     1
Armor: Leather armour    |    33 |    65 |    24 ||   122
Dodge: Dodged            |    45 |   114 |    42 ||   201
Block: Kite shield       |       |       |    13 ||    13

Table legend: (Time is in decaauts)
 A = Elapsed time spent in this place.
 B = Non-inter-level travel time spent in this place.
 C = Inter-level travel time spent in this place.
 D = Time resting spent in this place.
 E = Time spent auto-exploring this place.
 F = Levels seen in this place.
 G = Mean time per level.
                   A        B        C        D        E       F      G
               +--------+--------+--------+--------+--------+-----+--------+
         Total |   6090 |   5949 |    141 |    503 |   4438 |   4 | 1522.5 |
       Dungeon |   6090 |   5949 |    141 |    503 |   4438 |   4 | 1522.5 |
               +--------+--------+--------+--------+--------+-----+--------+

Top non-repeatable levels by time:
     D:2: 2310 daAuts
     D:3: 2248 daAuts
     D:4: 933 daAuts
     D:1: 598 daAuts
